 Dungeon Sprint DCSS version 0.22.1 (webtiles) character file.

1057 Alter the Blocker (level 8, 0/70 HPs)
             Began as a Deep Dwarf Fighter on Sept 19, 2018.
             Slain by a tyrant leech (28 damage)
             ... in the Dungeon (Sprint II: "The Violet Keep of Menkaure").
             The game lasted 00:02:38 (181 turns).

Alter the Blocker (Deep Dwarf Fighter)               Turns: 181, Time: 00:02:39

Health: 0/70       AC:  5    Str: 20      XL:     8   Next: 6%
Magic:  6/6        EV:  9    Int:  5 (9)  God:
Gold:   486        SH: 12    Dex: 12      Spells: 7/7 levels left

rFire    . . .     SeeInvis .   a - +0 war axe
rCold    . . .     Gourm    .   c - +0 shield
rNeg     . . .     Faith    .   b - +0 scale mail
rPois    .         Spirit   .   (no helmet)
rElec    .         Reflect  .   (no cloak)
rCorr    .         Harm     .   (no gloves)
MR       +....     Rnd*Rage +   (no boots) Stlth ..........NoTele +
                                (no amulet)
HPRegen  0.00/turn              (no ring)
MPRegen  0.10/turn              (no ring)

@: berserk cooldown, non-regenerating, hasted and slowed
A: damage resistance, heal wounds, berserk 1, deformed body, deterioration 2,
frail 1, sense surroundings 1, weak 1, no regeneration
a: Heal Wounds


You were in the Dungeon.
You were not hungry.

You visited 1 branch You collected 486 gold pieces.

Inventory:

Hand Weapons
 a - a +0 war axe (weapon)
Armour
 b - a +0 scale mail (worn)
 c - a +0 shield (worn)
Scrolls
 k - a scroll of blinking
Potions
 e - a potion of curing
 g - a potion of heal wounds
 i - 2 potions of magic
Comestibles
 f - a ration


   Skills:
 + Level 6.8 Fighting
 + Level 9.5 Axes
 * Level 10.0 Armour
 * Level 12.3 Shields


You had 7 spell levels left.
You didn't know any spells.
Your spell library was empty.

Dungeon Overview and Level Annotations

Branches:
Dungeon (1/1)

Altars:


Innate Abilities, Weirdness & Mutations

You are resistant to damage.
You can heal yourself by infusing magical energy.
You passively map a small area around you.
You do not regenerate.
You tend to lose your temper in combat.
Armour fits poorly on your strangely shaped body.
Your body often deteriorates upon taking damage.
You are frail. (-10% HP)
You are weak. (Str -2)


Message History

You barely miss the tyrant leech.
The tyrant leech is lightly wounded.
The tyrant leech bites you.
The tyrant leech draws strength from your injuries!
You miss the tyrant leech.
The tyrant leech is lightly wounded.
You closely miss the tyrant leech.
The tyrant leech is lightly wounded.
The tyrant leech closely misses you.
You barely miss the tyrant leech.
The tyrant leech is lightly wounded.
The tyrant leech closely misses you.
You slash the tyrant leech!
The tyrant leech is moderately wounded.
You slice the tyrant leech!!
The tyrant leech is almost dead.
You are no longer berserk.
You are exhausted.
You feel yourself slow down. The tyrant leech bites you!!
You die...

* *≈ ' #+++
** ≈, ..., ,
,, *≈ ≈ ##+#
, * * *≈ ≈
##.#### + **
≈ #.##..#,
,, ,
##...####
*##+###.## ,
, *
,##.##...#,
∩ +.<@w# * ,
* *,
##.##$..# *
≈
*,*##†###.##
##...#### ,
* ≈ ≈#..#..#
≈ ≈ ≈ * *
##.#.## ≈≈ ≈
* ##+##≈≈ ≈
* ≈≈≈≈≈
+++#+++ ≈


You could see a tyrant leech.

Vanquished Creatures
  A tyrant leech (D)
  4 neqoxecs (D)
  4 necrophages (D)
9 creatures vanquished.

Vanquished Creatures (others)
  A crocodile (D)
1 creature vanquished.

Grand Total: 10 creatures vanquished

Notes
Turn   | Place    | Note
-------+----------+-------------------------------------------
     0 | D        | Alter the Deep Dwarf Fighter began the quest for the Orb.
     0 | D        | Reached XP level 1. HP: 20/20 MP: 1/1
     1 | D        | Noticed a necrophage
     1 | D        | Noticed a necrophage
     1 | D        | Noticed a necrophage
     1 | D        | Noticed a necrophage
    15 | D        | Killed a necrophage
    15 | D        | Reached skill level 6 in Shields
    15 | D        | Reached XP level 2. HP: 25/30 MP: 2/2
    15 | D        | Reached XP level 3. HP: 30/36 MP: 3/3
    15 | D        | Reached XP level 4. HP: 37/44 MP: 4/4
    24 | D        | Killed a necrophage
    24 | D        | Reached skill level 8 in Shields
    24 | D        | Reached XP level 5. HP: 40/50 MP: 5/5
    31 | D        | Killed a necrophage
    31 | D        | Reached skill level 5 in Fighting
    31 | D        | Reached skill level 5 in Axes
    31 | D        | Reached skill level 9 in Shields
    37 | D        | Killed a crocodile
    53 | D        | Killed a necrophage
    53 | D        | Reached skill level 10 in Shields
    53 | D        | Reached XP level 6. HP: 38/59 MP: 6/6
    62 | D        | Noticed a flying skull
    62 | D        | Noticed a flying skull
    62 | D        | Noticed a flying skull
    62 | D        | Noticed a flying skull
    62 | D        | Noticed a flying skull
    63 | D        | Noticed a flying skull
    70 | D        | Noticed a flying skull
    70 | D        | Noticed a flying skull
    77 | D        | Noticed a tyrant leech
    77 | D        | Noticed a tyrant leech
    80 | D        | Noticed a neqoxec
    80 | D        | Noticed a neqoxec
    80 | D        | Noticed a neqoxec
    80 | D        | Noticed a neqoxec
    89 | D        | Lost intelligence.
    95 | D        | Gained mutation: Your body sometimes deteriorates upon
                  | taking damage. [a neqoxec]
    95 | D        | Gained mutation: You are frail. (-10% HP) [a neqoxec]
    98 | D        | Killed a neqoxec
   110 | D        | Killed a neqoxec
   110 | D        | Reached skill level 11 in Shields
   110 | D        | Reached XP level 7. HP: 35/62 MP: 6/6
   110 | D        | Gained mutation: Armour fits poorly on your strangely
                  | shaped body. [a neqoxec]
   113 | D        | Gained mutation: Your body often deteriorates upon taking
                  | damage. [a neqoxec]
   120 | D        | Killed a neqoxec
   125 | D        | Gained mutation: You tend to lose your temper in combat. [a
                  | neqoxec]
   125 | D        | Gained mutation: You are weak. (Str -2) [a neqoxec]
   127 | D        | Killed a neqoxec
   137 | D        | Noticed an orange crystal statue
   174 | D        | Killed a tyrant leech
   174 | D        | Reached skill level 10 in Armour
   174 | D        | Reached skill level 12 in Shields
   174 | D        | Reached XP level 8. HP: 43/70 MP: 6/6
   181 | D        | Slain by a tyrant leech

Skill      XL: |  1  2  3  4  5  6  7 |
---------------+----------------------+-----
Fighting       | 4 5 6 |  6.8
Axes           | 3 4 6 7 9 |  9.5
Armour         | 6 7 8 9 10 | 10.0
Shields        | 6 8 10 11 12 | 12.3

Action                   |  1- 3 |  4- 6 |  7- 9 || total
-------------------------+-------+-------+-------++-------
Melee: War axe           |    13 |    63 |    41 ||   117
 Abil: Heal Wounds       |       |     2 |     7 ||     9
  Use: Potion            |       |       |     3 ||     3
Armor: Scale mail        |     1 |    21 |     4 ||    26
Dodge: Dodged            |     4 |    15 |    14 ||    33
Block: Shield            |    11 |    34 |    26 ||    71
